 Dungeon Crawl Stone Soup version 0.32-a0-913-g739538afd8 (webtiles) character file.

Game seed: 16532353940972535751

23 spaghetti the Ruffian (level 3, -7/34 HPs)
             Began as a Naga Chaos Knight on Apr 8, 2024.
             Was a Plaything of Xom.
             Killed from afar by a white imp (9 damage)
             ... with a puff of frost
             ... summoned by Xom
             ... on level 1 of the Dungeon.
             The game lasted 00:01:00 (391 turns).

spaghetti the Ruffian (Naga Chaos Knight)            Turns: 391, Time: 00:01:00

Health: -7/34      AC:  4    Str: 14      XL:     3   Next: 0%
Magic:  3/3        EV:  8    Int: 12      God:    Xom [...*..]
Gold:   37         SH:  0    Dex:  8 (12) Spells: 2/2 levels left

rFire   . .          .
                       - Unarmed
rCold   . . .        (no shield)
rNeg    . . .        a - +2 leather armour
rPois   +            (no helmet)
rElec   .            (no cloak)
rCorr   .            (no gloves)
SInv    +            (no barding)
Will    .....        (no amulet)
Stlth   +            (no ring)
HPRegen 0.25/turn    (no ring)
MPRegen 0.08/turn

%: no passive effects
@: very slow
A: AC +1, large, see invisible, deformed body, poison resistance, slowness 2,
spit poison 1, naga tail 1
a: Spit Poison, Renounce Religion


You were on level 1 of the Dungeon.
You worshipped Xom.
You were a favourite toy of Xom.
You visited 1 branch of the dungeon, and saw 1 of its levels.

You collected 37 gold pieces.

Inventory:

Armour
 a - a +2 leather armour (worn)
Scrolls
 c - a scroll of identify
 d - a scroll of poison
 g - a scroll of enchant armour {unknown}
Potions
 f - a potion of curing


   Skills:
 + Level 3.0 Fighting
 - Level 1.5 Armour
 + Level 0.7 Dodging
 + Level 4.1 Unarmed Combat


You had 2 spell levels left.
You didn't know any spells.
Your spell library was empty.

Dungeon Overview and Level Annotations

Branches:
Dungeon (1/15)

Altars:


Innate Abilities, Weirdness & Mutations

Your serpentine skin is tough. (AC +1)
You have supernaturally acute eyesight. (SInv)
Armour fits poorly on your strangely shaped body.
Your system is resistant to poisons. (rPois)
You cover ground very slowly.
You can spit poison.
You have a snake-like lower body.


Message History

* * * LOW HITPOINT WARNING * * *
You feel clumsy.
The quasit claws you but does no damage.
The quasit barely misses you.
Unknown command.
You hit the quasit.
You kill the quasit!
The quasit disappears in a puff of smoke!
You start resting.
A white imp is nearby!
A white imp is nearby!
A white imp is nearby!
You swap places.
The white imp sputters.
The white imp misses your butterfly.
The white imp barely misses your butterfly.
You swap places.
The white imp hits your butterfly.
Your butterfly dies!
Your butterfly disappears in a burst of colours!
The white imp shouts, "Give up, thou pox-marked guts-griping wagtail!"
You barely miss the white imp.
The white imp hits you but does no damage.
You hit the white imp.
The white imp is lightly wounded.
The white imp hits you but does no damage.
You hit the white imp.
The white imp is heavily wounded.
The white imp barely misses you.
You barely miss the white imp.
The white imp is heavily wounded.
Your butterfly disappears in a burst of colours! x2
The white imp gestures at you. The puff of frost hits you!
* * * LOW HITPOINT WARNING * * *
You hit the white imp.
The white imp is heavily wounded.
Your butterfly disappears in a burst of colours!
The white imp gestures at you. The puff of frost hits you!
You die... ..# #.# #.# #b# #. #.# ####.#### #.# .....b..# #.# ..bbbbb5# #.# ..bbbbbb# #@# bbbbbbbb#

#5# r
..b.bb..####'####
.>.bbbb§bb...b..#
####+#bbb..bb...#
#bbb.)†bb..#
##########.#
........#†###
#.....#...#


You could see a white imp (summoned, ally target).

Vanquished Creatures
  A dart slug (D:1)
  An endoplasm (D:1)
  A giant cockroach (D:1)
  4 goblins (D:1)
  A hobgoblin (D:1)
  3 jackals (D:1)
  3 ball pythons (D:1)
  A bat (D:1)
  2 frilled lizards (D:1)
  2 kobolds (D:1)
  A rat (D:1)
20 creatures vanquished.

Notes
Turn   | Place    | Note
-------+----------+-------------------------------------------
     0 | D:1      | spaghetti the Naga Chaos Knight began the quest for the
                  | Orb.
     0 | D:1      | Reached XP level 1. HP: 21/21 MP: 1/1
   109 | D:1      | XOM: silly message
   111 | D:1      | Reached XP level 2. HP: 25/28 MP: 2/2
   317 | D:1      | XOM: divination: detect creatures
   325 | D:1      | Reached skill level 4 in Unarmed Combat
   344 | D:1      | Reached XP level 3. HP: 34/34 MP: 3/3
   352 | D:1      | XOM: summons 2 hostile demons
   391 | D:1      | Killed from afar by a white imp

Illustrated notes

Levels and vault maps discovered:
D:1:      wander_arrival_fairy_ring, layout_basic

Skill      XL: |  1  2 |
---------------+-------+-----
Unarmed Combat | 4 |  4.1
Fighting       | |  3.0
Armour         | |  1.5
Dodging        | |  0.7

Action                     || total
---------------------------++-------
  Melee: Unarmed           ||    62
Ability: Spit Poison       ||    11
    Use: Scroll            ||     3
         Potion            ||     1
 Armour: Leather armour    ||    79
  Dodge: Dodged            ||    49

Table legend: (Time is in decaauts)
 A = Elapsed time spent in this place.
 B = Non-inter-level travel time spent in this place.
 C = Inter-level travel time spent in this place.
 D = Time resting spent in this place.
 E = Time spent auto-exploring this place.
 F = Levels seen in this place.
 G = Mean time per level.
                   A        B        C        D        E       F      G
               +--------+--------+--------+--------+--------+-----+--------+
         Total |    496 |    496 |      0 |      2 |    355 |   1 |  496.0 |
       Dungeon |    496 |    496 |      0 |      2 |    355 |   1 |  496.0 |
               +--------+--------+--------+--------+--------+-----+--------+

Top non-repeatable levels by time:
     D:1: 496 daAuts
